 Dungeon Crawl Stone Soup version 0.21-a0-110-g8e1637b (webtiles) character file.

2919 Gorice the Martial Artist (level 9, 0/57 HPs)
             Began as a Demonspawn Necromancer on July 8, 2017.
             Was a Believer of Kikubaaqudgha.
             Slain by a death yak (17 damage)
             ... on level 7 of the Dungeon.
             The game lasted 00:44:59 (9223 turns).

Gorice the Martial Artist (Demonspawn Necromancer)  Turns: 9223, Time: 00:45:00

Health: 0/57       AC:  8    Str: 11    XL:     9   Next: 50%
Magic:  5/12       EV: 10    Int: 17    God:    Kikubaaqudgha [**....]
Gold:   400        SH:  4    Dex: 14    Spells: 4/12 levels left

rFire    . . .     SeeInvis .     - Unarmed
rCold    . . .     Gourm    .   (no shield)
rNeg     . . .     Faith    +   y - +0 ring mail
rPois    .         Spirit   .   v - +1 helmet
rElec    .         Reflect  .   (no cloak)
rCorr    .         Harm     .   (gloves unavailable)
MR       .....                  i - +0 pair of boots
Stlth    ++++......             s - amulet of faith {!P}
HPRegen  0.19/turn              j - ring of wizardry
MPRegen  0.13/turn              N - ring of stealth

@: about to teleport
A: claws 3, large bone plates 1, nightstalker 2
a: Receive Corpses, Renounce Religion


You were on level 7 of the Dungeon.
You worshipped Kikubaaqudgha.
Kikubaaqudgha was pleased with you.
You were not hungry.

You visited 2 branches of the dungeon, and saw 9 of its levels.

You collected 400 gold pieces.

Inventory:

Hand Weapons
 T - a +0 blowgun
Missiles
 u - 10 tomahawks
 w - 2 javelins
 Z - 296 stones (quivered)
Armour
 a - a +0 robe
 i - a +0 pair of boots (worn)
 q - a +0 chain mail
 v - a +1 helmet (worn)
 y - a +0 ring mail (worn)
 E - a +0 leather armour of cold resistance
   (You took it off an orc wizard on level 6 of the Dungeon)
 J - a +0 plate armour
Magical Staves
 D - an uncursed staff of poison
Jewellery
 g - an uncursed ring of ice
 h - an uncursed amulet of guardian spirit
 j - a ring of wizardry (left claw)
 s - an amulet of faith (around neck) {!P}
 N - a ring of stealth (right claw)
 Y - an uncursed ring of fire
Wands
 m - a wand of lightning (9/15)
 G - a wand of scattershot (6/9)
 O - a wand of disintegration (4/24)
 Q - a wand of clouds (1/9)
 R - a wand of acid (6/15)
 U - a wand of flame (20/48)
Scrolls
 l - 6 scrolls of identify
 t - 3 scrolls of magic mapping {!r}
 z - 2 scrolls of amnesia
 C - a scroll of enchant weapon
 I - 2 scrolls of remove curse
 K - a scroll of blinking
 P - a scroll of recharging
 S - a scroll of vulnerability {unknown}
Potions
 e - 2 potions of brilliance {!q}
 k - 2 potions of flight
 n - 2 potions of lignification {!q}
 o - 2 potions of might {!q}
 p - 3 potions of curing
 r - 3 potions of heal wounds {!q}
 x - 3 potions of agility {!q}
 A - a potion of berserk rage
Books
 b - a book of Necromancy
 B - a book of Cantrips
 F - Kikubaaqudgha's Collected Works on Evil
   (Kikubaaqudgha gifted it to you on level 6 of the Dungeon)

   Spells                             Type                      Level
   a - Animate Skeleton               Necromancy                   1
   b - Corpse Rot                     Necromancy                   2
   c - Sublimation of Blood           Necromancy                   2
   d - Vampiric Draining              Necromancy                   3
   e - Control Undead                 Necromancy                   4
Comestibles
 c - 2 bread rations {!e}
 d - 2 meat rations {!e}
 f - 10 fruits
 L - a royal jelly
 M - a chunk of flesh


   Skills:
 - Level 1.7 Dodging
 - Level 1.7 Stealth
 * Level 9.7 Unarmed Combat
 - Level 2.0 Spellcasting
 + Level 9.6 Necromancy


You had 4 spell levels left.
You knew the following spells:

 Your Spells              Type           Power        Failure   Level  Hunger
a - Pain                  Necr           ####         1%          1    #......
b - Animate Skeleton      Necr           N/A          1%          1    #......
c - Vampiric Draining     Necr           ####......   1%          3    ###....
R - Regeneration          Chrm/Necr      ###.......   9%          3    ###....


Dungeon Overview and Level Annotations

Branches:
Dungeon (8/15)             Temple (1/1) D:5
   Lair: D:8-11

Altars:
Cheibriados
Dithmenos
Elyvilon
Fedhas
Gozag
Hepliaklqana
Kikubaaqudgha
Makhleb
Nemelex Xobeh
Okawaru
Qazlal
Ru
Sif Muna
Trog
Uskayaw
Vehumet
Wu Jian
Xom
Yredelemnul
Zin
The Shining One

Shops:
D:8 (

Annotations:
D:3 Gorice's ghost, amateur DsNe


Innate Abilities, Weirdness & Mutations

You have claws for hands.
You are partially covered in large bone plates. (SH +4)
You are significantly more attuned to the shadows.


Message History

There is a stone staircase leading up here.
You see here 18 bolts.
Eating one of 2 chunks of flesh.
You eat one of the 2 chunks of flesh.
This raw flesh tastes terrible.
You now have 400 gold pieces (gained 10).
Found a whip.
The two-headed ogre shouts in stereo!
You see here 18 bolts.
There is a stone staircase leading up here.
The death yak gores you!!
The two-headed ogre shouts in stereo!
You climb upwards.
There is a stone staircase leading down here.
Damage: 25 (max 25) Unknown command.
Casting: Animate Skeleton
Confirm with . or Enter, or press ? or * to list all spells.
Aiming: Vampiric Draining
Press: ? - help, Shift-Dir - straight line, f - death yak
Aim: a death yak The death yak is lightly wounded.
You feel life coursing into your body.
The death yak gores you but does no damage.
Casting: Vampiric Draining
Confirm with . or Enter, or press ? or * to list all spells.
Aiming: Vampiric Draining
Press: ? - help, Shift-Dir - straight line, f/p - death yak
Aim: a death yak (lightly wounded)
The death yak is moderately wounded.
You feel life coursing into your body. The death yak gores you!
* * * LOW HITPOINT WARNING * * *
Damage: 10 (max 25) Unknown command.
Casting: Vampiric Draining
Confirm with . or Enter, or press ? or * to list all spells.
Aiming: Vampiric Draining
Press: ? - help, Shift-Dir - straight line, f/p - death yak
Aim: a death yak (moderately wounded)
The death yak is moderately wounded.
You feel life coursing into your body. The death yak barely misses you.
The death yak gores you!!
* * * LOW HITPOINT WARNING * * *
Damage: 18 (max 25)
The death yak snorts and paws the ground.
Really read
H - a scroll of teleportation {!r}?
As you read the scroll of teleportation {!r}, it crumbles to dust.
You feel strangely unstable. The death yak gores you!
You die...
Kikubaaqudgha rasps: "You have failed me!
Welcome... death!"

#.##........# #..#####
#.###.......#####...... #.#
#........Z.######## #.#
#.......##ZZ...# # #.#
#.......######Z### ##### #.#
##..#.########.Z.## #...### #.#
#..#.............# ##.....####.#
##Y###########.... #####.....#.#
#@..### ##.## # ###...#...#
##.#...## #.##
###...#.##..###..###..########..#
.##...#.###...#.#####....##...#.#
.##...#.....#.....###............
.Z..#######.###.#<...............
..### #..##.###..ZZ.ZZZZ..... ###
#...#.###......<..Z....
#.#...##..#..........##


You could see a death yak.

Vanquished Creatures
  Eustachio (D:4)
  A hungry ghost (D:7)
  A sky beast (D:8)
  2 black bears (D:7)
  3 ogres
  4 centaurs
  Blork the orc (D:4)
  2 bullfrogs (D:7)
  A big kobold (D:7)
  A water moccasin skeleton (D:7)
  4 howler monkeys
  A wight (D:6)
  4 crimson imps
  A centaur zombie (D:5)
  A hound (D:6)
  2 orc priests
  Jessica (D:2)
  3 iguanas
  2 bullfrog skeletons (D:4)
  5 worker ants
  6 orc wizards
  A hound zombie (D:5)
  A hound skeleton (D:6)
  A howler monkey zombie (D:5)
  A worker ant zombie (D:4)
  A gnoll (D:2)
  10 adders
  3 shadow imps
  An adder skeleton (D:4)
  5 worms
  A dart slug (D:2)
  4 leopard geckos
  16 orcs
  10 bats
  A giant cockroach (D:2)
  7 hobgoblins
  7 jackals
  4 quokkas
  2 ball pythons (D:3)
  2 gnoll zombies (D:5)
  5 goblins
  7 kobolds
  A quokka zombie (D:6)
  9 rats
147 creatures vanquished.

Vanquished Creatures (collateral kills)
  The ghost of p0werm0de the Martial Artist, a novice OpTm (D:4)
  A bullfrog (D:7)
  A howler monkey (D:7)
  2 wights (D:6)
  A hound (D:7)
  2 gnolls (D:2)
  An adder (D:2)
  A worm (D:2)
  An orc (D:6)
  A jackal (D:2)
  A kobold (D:7)
  A rat (D:3)
14 creatures vanquished.

Grand Total: 161 creatures vanquished

Notes
Turn   | Place    | Note
-------+----------+-------------------------------------------
     0 | D:1      | Gorice the Demonspawn Necromancer began the quest for the Orb.
     0 | D:1      | Reached XP level 1. HP: 13/13 MP: 3/3
   174 | D:1      | Learned a level 1 spell: Animate Skeleton
   512 | D:1      | Gained mutation: You have sharp fingernails. [demonic ancestry]
   512 | D:1      | Reached XP level 2. HP: 18/19 MP: 1/5
   705 | D:1      | Reached skill level 5 in Necromancy
   918 | D:2      | Reached skill level 1 in Unarmed Combat
  1252 | D:2      | Gained mutation: You are slightly more attuned to the shadows. [demonic ancestry]
  1252 | D:2      | Reached XP level 3. HP: 9/24 MP: 0/6
  1556 | D:2      | Noticed Jessica
  1560 | D:2      | Killed Jessica
  1560 | D:2      | Reached skill level 2 in Unarmed Combat
  1600 | D:2      | Gained mutation: You are partially covered in large bone plates. (SH +4) [demonic ancestry]
  1600 | D:2      | Reached XP level 4. HP: 27/30 MP: 3/7
  2350 | D:2      | Reached skill level 3 in Unarmed Combat
  2350 | D:2      | Reached XP level 5. HP: 15/35 MP: 4/8
  2970 | D:2      | Learned a level 3 spell: Vampiric Draining
  2974 | D:2      | Learned a level 3 spell: Regeneration
  3230 | D:3      | Found a glowing silver altar of Zin.
  3230 | D:3      | Found an ornate altar of the Wu Jian Council.
  3557 | D:3      | Noticed Gorice's ghost (amateur DsNe)
  3861 | D:4      | Noticed an ogre
  3871 | D:4      | Noticed Eustachio
  3933 | D:3      | Reached skill level 6 in Necromancy
  4085 | D:4      | Noticed p0werm0de's ghost (novice OpTm)
  4163 | D:4      | Reached skill level 4 in Unarmed Combat
  4163 | D:4      | Gained mutation: You have very sharp fingernails. [demonic ancestry]
  4163 | D:4      | Reached XP level 6. HP: 39/41 MP: 9/9
  4786 | D:4      | Noticed Blork the orc
  4800 | D:4      | Killed Blork the orc
  4800 | D:4      | Reached skill level 5 in Unarmed Combat
  4934 | D:4      | Gained mutation: You are significantly more attuned to the shadows. [demonic ancestry]
  4934 | D:4      | Reached XP level 7. HP: 39/46 MP: 6/10
  4960 | D:4      | Killed Eustachio
  5220 | D:4      | Reached skill level 7 in Necromancy
  5251 | D:4      | HP: 13/46 [p0werm0de's ghost (7)]
  5253 | D:4      | HP: 6/46 [p0werm0de's ghost (9)]
  5268 | D:4      | HP: 13/46 [p0werm0de's ghost (5)]
  5268 | D:4      | Killed p0werm0de's ghost
  5268 | D:4      | Reached skill level 6 in Unarmed Combat
  5627 | D:5      | Entered Level 5 of the Dungeon
  5702 | D:5      | Reached XP level 8. HP: 52/52 MP: 11/11
  5838 | D:4      | Reached skill level 7 in Unarmed Combat
  5886 | D:4      | HP: 15/52 [poisoned by a worker ant]
  6242 | D:5      | Found a staircase to the Ecumenical Temple.
  6247 | Temple   | Entered the Ecumenical Temple
  6423 | Temple   | Became a worshipper of Kikubaaqudgha
  6435 | D:5      | Found a snail-covered altar of Cheibriados.
  6435 | D:5      | Found an ancient bone altar of Kikubaaqudgha.
  6435 | D:5      | Found a glowing golden altar of the Shining One.
  6435 | D:5      | Found a stormy altar of Qazlal.
  6436 | D:5      | Found an ornate altar of the Wu Jian Council.
  6436 | D:5      | Found an iron altar of Okawaru.
  6437 | D:5      | Found a snail-covered altar of Cheibriados.
  6437 | D:5      | Found a white marble altar of Elyvilon.
  6437 | D:5      | Found a hazy altar of Hepliaklqana.
  6437 | D:5      | Found an ancient bone altar of Kikubaaqudgha.
  6437 | D:5      | Found a white marble altar of Elyvilon.
  6437 | D:5      | Found an opulent altar of Gozag.
  6777 | D:5      | Found a basalt altar of Yredelemnul.
  7020 | D:5      | Found a hide-covered altar of Uskayaw.
  7120 | D:5      | Reached skill level 8 in Necromancy
  7335 | D:6      | Reached skill level 8 in Unarmed Combat
  7445 | D:6      | Found a shimmering altar of Xom.
  7811 | D:6      | Reached * piety under Kikubaaqudgha
  7811 | D:6      | Identified Kikubaaqudgha's Collected Works on Evil (Kikubaaqudgha gifted it to you on level 6 of the Dungeon)
  7811 | D:6      | Received a gift from Kikubaaqudgha
  7891 | D:6      | Gained mutation: You have claws for hands. [demonic ancestry]
  7891 | D:6      | Reached XP level 9. HP: 57/57 MP: 12/12
  8179 | D:7      | Reached skill level 9 in Necromancy
  8230 | D:7      | Reached skill level 9 in Unarmed Combat
  8496 | D:7      | Reached ** piety under Kikubaaqudgha
  8807 | D:8      | Noticed a two-headed ogre
  8985 | D:8      | Found Gion's Antique Weapon Shoppe.
  9057 | D:8      | Noticed an elephant
  9072 | D:8      | Noticed a death yak
  9213 | D:7      | HP: 15/57 [death yak (18)]
  9223 | D:7      | Slain by a death yak

Vault maps used:
D:1:      evilmike_arrival_rings, kennysheep_nondescript, roderic_three_in_a_row
D:2:      kennysheep_six_static_rooms, uniq_jessica
D:3:      amethyst_overflow_temple_binary, minmay_strange_pillars
D:4:      uniq_blork_the_orc, uniq_eustachio
D:5:      lemuel_zombie_altar_yredelemnul, kennysheep_mini, temple_doors_ab,
          first_bread, minivault_4, minmay_holes, grunt_ministairs_12
D:6:      basic_altar, item_on_display_a
D:8:      ashenzari_conservatory_becter, david_lair_generic, serial_shops,
          kennysheep_little_box, blue_anna_alchemist, serial_bayou_pond_e,
          st_stairs_4, kennysheep_pointless_box
Temple:   nicolae_temple_elliptical

Skill      XL: |  1  2  3  4  5  6  7  8  9 |
---------------+----------------------------+-----
Necromancy     | 5 6 7 8 9 |  9.6
Unarmed Combat | 1 2 3 4 5 6 8 9 |  9.7
Dodging        | |  1.7
Stealth        | |  1.7
Spellcasting   | |  2.0

Action                   |  1- 3 |  4- 6 |  7- 9 || total
-------------------------+-------+-------+-------++-------
Melee: Unarmed           |     2 |    47 |   296 ||   345
       Punch             |       |       |     5 ||     5
Throw: Stone             |       |     5 |     1 ||     6
 Cast: Pain              |    39 |   128 |    12 ||   179
       Animate Skeleton  |     6 |    27 |    24 ||    57
       Vampiric Draining |       |     5 |    11 ||    16
       Regeneration      |       |       |     2 ||     2
Evoke: Wand              |       |       |     3 ||     3
  Use: Scroll            |     4 |    12 |     6 ||    22
 Stab: Sleeping          |       |     1 |    17 ||    18
       Distracted        |       |       |     1 ||     1
  Eat: Chunk             |     2 |    12 |    14 ||    28
       Royal jelly       |       |     1 |       ||     1
       Bread ration      |       |       |     1 ||     1
Armor: Robe              |     1 |    10 |       ||    11
       Ring mail         |       |     4 |    99 ||   103
Dodge: Dodged            |     6 |    28 |   127 ||   161
Block: Other             |       |     4 |    40 ||    44

Table legend:
 A = Turns spent in this place as a percentage of turns spent in the entire game.
 B = Non-inter-level travel turns spent in this place as a percentage of non-inter-level travel turns spent in the entire game.
 C = Inter-level travel turns spent in this place as a percentage of turns spent in this place.
 D = Turns resting spent in this place as a percentage of non-inter-level travel turns spent in this place.
 E = Turns spent auto-exploring this place as a percentage of non-inter-level travel turns spent in this place.
 F = Non-inter-level travel turns spent in this place divided by the number of levels of this place that you've seen.
                   A       B       C       D       E      F
               +-------+-------+-------+-------+-------+----------------------
         Total | 100.0 | 100.0 |   0.7 |   4.4 |   6.5 | 317.1
       Dungeon |  98.6 |  98.6 |   0.6 |   4.4 |   6.0 | 351.9
        Temple |   1.4 |   1.4 |   2.5 |   0.0 |  41.0 |  39.0
               +-------+-------+-------+-------+-------+----------------------

Vault maps used:
D:1:      evilmike_arrival_rings, kennysheep_nondescript, roderic_three_in_a_row
D:2:      kennysheep_six_static_rooms, uniq_jessica
D:3:      amethyst_overflow_temple_binary, minmay_strange_pillars
D:4:      uniq_blork_the_orc, uniq_eustachio
D:5:      lemuel_zombie_altar_yredelemnul, kennysheep_mini, temple_doors_ab,
          first_bread, minivault_4, minmay_holes, grunt_ministairs_12
D:6:      basic_altar, item_on_display_a
D:8:      ashenzari_conservatory_becter, david_lair_generic, serial_shops,
          kennysheep_little_box, blue_anna_alchemist, serial_bayou_pond_e,
          st_stairs_4, kennysheep_pointless_box
Temple:   nicolae_temple_elliptical
